 Dungeon Crawl Stone Soup version 0.31.0-32-g396128a36d (webtiles) character file.

Game seed: 8645290347287776185

2 Dvallin the Changeling (level 1, -3/9 HPs)
             Began as a Draconian Shapeshifter on Apr 1, 2024.
             Frozen to death by an endoplasm (5 damage)
             ... on level 1 of the Dungeon.
             The game lasted 00:00:24 (33 turns).

Dvallin the Changeling (Draconian Shapeshifter)       Turns: 33, Time: 00:00:25

Health: -3/9       AC:  4    Str: 16    XL:     1   Next: 25%
Magic:  1/1        EV: 16    Int: 10    God:
Gold:   0          SH:  0    Dex: 10    Spells: 0/0 levels left

rFire   . .          .
                       - Unarmed
rCold   . . .        (shield currently unavailable)
rNeg    . . .        (body armour unavailable)
rPois   .            (helmet restricted)
rElec   .            (no cloak)
rCorr   .            (no gloves)
SInv    .            (no boots)
Will    .....        (no amulet)
Stlth   +            (no ring)
HPRegen 0.21/turn    (no ring)
MPRegen 0.07/turn

%: no passive effects
@: flux-form, glowing
A: glow, contaminating, reduced hp, AC +4, unfitting armour, cold-blooded
a: Begin Untransformation


You were on level 1 of the Dungeon.
You were something dangerously unstable.
You visited 1 branch of the dungeon, and saw 1 of its levels.

Inventory:

Talismans
 b - a beast talisman
 c - a flux talisman (active)
Potions
 a - a potion of lignification


   Skills:
 - Level 1.1 Fighting
 - Level 1.7 Dodging
 - Level 3.0 Unarmed Combat
 + Level 3.1 Shapeshifting


You couldn't memorise any spells.
You didn't know any spells.
Your spell library was empty.

Dungeon Overview and Level Annotations

Branches:
Dungeon (1/15)

Altars:


Innate Abilities, Weirdness & Mutations

You are something dangerously unstable.
You glow with magical radiation, making you easy to see and hit.
Foes you strike become dangerously contaminated with magical radiation.
Your maximum health is decreased, since you lack skill for your form.
You are incapable of wielding weapons or throwing items.
Your plain brown scales are hard. (AC +4)
You cannot fit into any form of body armour.
You are cold-blooded and may be slowed by cold attacks.


Message History

You are too injured to fight recklessly!
You are too injured to fight recklessly!
You are too injured to fight recklessly!
You are too injured to fight recklessly!
You are too injured to fight recklessly!
You are too injured to fight recklessly!
You are too injured to fight recklessly!
You are too injured to fight recklessly!
Unknown command.
You completely miss the kobold.
The kobold is moderately wounded.
The endoplasm quivers.
The dart slug launches a dart at you. The slug dart misses you.
The kobold barely misses you.
You completely miss the kobold.
Your tail-slap misses the kobold.
The kobold is moderately wounded.
The kobold closely misses you. The dart slug launches a dart at you.
The slug dart hits you but does no damage.
You barely miss the kobold.
The kobold is moderately wounded.
The kobold stops glowing.
The kobold hits you with a +0 dagger.
You hit the kobold but do no damage.
The kobold begins to glow.
The kobold is moderately wounded.
The dart slug misses you. The kobold hits you but does no damage.
You hit the kobold.
The kobold glows dangerously bright.
The kobold is severely wounded.
The kobold hits you with a +0 dagger.
* * * LOW HITPOINT WARNING * * *
You hit the kobold.
You kill the kobold!
The dart slug completely misses you.
You hit the dart slug but do no damage.
The dart slug begins to glow.
You tail-slap the dart slug, but do no damage.
The dart slug launches a dart at you. The slug dart misses you.
The endoplasm freezes you.
You are frozen.
Ouch! That really hurt!
You die...

♣♣................
♣.......8...8.....
♣#####.........###
######.......##
.....##8...8##
##...##'''###.
###....†.........
.#.$.#.........#..
.......pw......#
#..###J##........
... ..#.......
###. #........# #.
###.#..... #.
....#. .. . .. ..


You could see a dart slug (contam) and an endoplasm.

Vanquished Creatures
  A hobgoblin (D:1)
  A kobold (D:1)
2 creatures vanquished.

Notes
Turn   | Place    | Note
-------+----------+-------------------------------------------
     0 | D:1      | Dvallin the Draconian Shapeshifter began the quest for the
                  | Orb.
     0 | D:1      | Reached XP level 1. HP: 16/16 MP: 1/1
    33 | D:1      | Frozen to death by an endoplasm

Illustrated notes

Levels and vault maps discovered:
D:1:      kennysheep_arrival_forest, layout_basic,
          shapermc_ecumenical_altar_mp_highgroup

Action                     || total
---------------------------++-------
  Melee: Unarmed           ||    15
         Tailslap          ||     1
 Armour: Skin              ||     8
  Dodge: Dodged            ||    11
   Form: Flux              ||     1
